 Dungeon Crawl Stone Soup version 0.23-a0-296-ga3b1b28 (webtiles) character file.

63684 Amnesiac the Nimble (level 15, -3/163 HPs)
             Began as an Ogre Wizard on Oct 6, 2018.
             Was a High Priest of Dithmenos.
             Slain by a demonic crawler (6 damage)
             ... on level 1 of the Spider Nest.
             The game lasted 01:30:27 (30126 turns).

Amnesiac the Nimble (Ogre Wizard)                  Turns: 30126, Time: 01:30:27

Health: -3/163     AC:  6    Str: 19    XL:     15   Next: 10%
Magic:  6/21       EV: 17    Int: 19    God:    Dithmenos [*****.]
Gold:   1270       SH:  0    Dex:  8    Spells: 10/22 levels left

rFire    . . .     SeeInvis .   a - +3 giant club (crush)
rCold    . . .     Gourm    .   (shield currently unavailable)
rNeg     + . .     Faith    .   Y - +2 robe {rN+}
rPois    +         Spirit   .   r - +0 hat
rElec    .         Reflect  .   A - +0 cloak
rCorr    .         Harm     .   (gloves unavailable)
MR       +....                  (boots unavailable)
Stlth    ++........             (no amulet)
HPRegen  0.37/turn              n - +2 ring of evasion
MPRegen  0.17/turn              X - ring of poison resistance

@: about to teleport, very slightly contaminated, wreathed by umbra
A: large, unfitting armour, tough skin 1
a: Shadow Step, Shadow Form, Renounce Religion


You were on level 1 of the Spider Nest.
You worshipped Dithmenos.
Dithmenos was extremely pleased with you.
You were very hungry.

You visited 4 branches of the dungeon, and saw 20 of its levels.

You collected 1522 gold pieces.
You spent 252 gold pieces at shops.

Inventory:

Hand Weapons
 a - a +3 giant club of crushing (weapon)
 b - a +0 blowgun
 Z - the +3 Elemental Staff {rElec rF++ rC++ MR++ AC+5}
   (You found it on level 6 of the Lair of Beasts)

   It affects your AC (+5).
   It greatly protects you from fire.
   It greatly protects you from cold.
   It insulates you from electricity.
   It affects your resistance to hostile enchantments.
Missiles
 s - 26 poisoned needles
Armour
 f - a +0 shield
 r - a +0 hat (worn)
 A - a +0 cloak (worn)
 D - the +1 robe "Gobremn" {Regen+ rCorr}
   (You found it on level 8 of the Dungeon)

   It increases your rate of regeneration.
   It provides partial protection from all sources of acid and corrosion.
 G - a +1 robe of cold resistance
 J - a +0 troll leather armour
 Y - a +2 robe of positive energy (worn)
Jewellery
 n - a +2 ring of evasion (left hand)
 Q - an uncursed ring of fire
 X - a ring of poison resistance (right hand)
Wands
 u - a wand of iceblast (24)
 y - a wand of paralysis (72)
 B - a wand of enslavement (17)
 N - a wand of random effects (18)
 U - a wand of clouds (12)
Scrolls
 k - 10 scrolls of teleportation {!r}
 m - a scroll of enchant armour {!r}
 p - 2 scrolls of noise {!r}
 v - 3 scrolls of blinking {!r}
 w - 8 scrolls of remove curse {!r}
 x - 4 scrolls of identify {!r}
 C - 3 scrolls of amnesia {!r}
 E - a scroll of torment {!r}
 I - 2 scrolls of magic mapping {!r}
 S - a scroll of vulnerability {!r}
 W - a scroll of fog {!r}
Potions
 c - 2 potions of agility {!q}
 e - a potion of resistance {!q}
 g - a potion of invisibility {!q}
 h - 3 potions of degeneration {!q}
 i - 3 potions of lignification {!q}
 j - 2 potions of brilliance {!q}
 l - 4 potions of haste {!q}
 q - 5 potions of flight {!q}
 F - 5 potions of heal wounds {!q}
 H - a potion of magic {!q}
 K - 2 potions of berserk rage {!q}
 L - 2 potions of mutation {!q}
 M - a potion of ambrosia {!q}
 T - 3 potions of might {!q}
Miscellaneous
 O - a box of beasts
 P - a phial of floods
 V - a sack of spiders
Comestibles
 d - 20 rations


   Skills:
 - Level 14.0 Fighting
 - Level 14.0(14.1) Maces & Flails
 * Level 3.8(10.8) Staves
 - Level 14.0 Dodging
 - Level 2.0 Stealth
 + Level 2.3 Shields
 - Level 4.0 Spellcasting
 - Level 2.0 Conjurations
 - Level 2.0 Summonings
 - Level 2.0 Translocations
 - Level 2.0 Fire Magic
 - Level 2.0 Air Magic
 - Level 2.0 Poison Magic
 - Level 2.0 Invocations
 * Level 3.5 Evocations


You had 10 spell levels left.
You knew the following spells:

 Your Spells              Type           Power        Failure   Level  Hunger
a - Magic Dart            Conj           ##..         6%          1    None
b - Call Imp              Summ           ##......     9%          2    ##.....
c - Summon Butterflies    Summ           ##......     6%          1    None
e - Mephitic Cloud        Conj/Pois/Air  ##......     19%         3    ###....
s - Conjure Flame         Conj/Fire      ##......     19%         3    ###....
v - Blink                 Tloc           N/A          9%          2    ##.....

Your spell library contained the following spells:

 Spells                   Type           Power        Failure   Level  Hunger
 Call Canine Familiar     Summ           ##......     19%         3    ###....
 Recall                   Summ/Tloc      N/A          19%         3    ###....
 Slow                     Hex            #.......     21%         2    ##.....
 Summon Ice Beast         Ice/Summ       #.......     65%         4    ####...
 Aura of Abjuration       Summ           ##........   86%         5    ######.
 Summon Demon             Summ           ##........   86%         5    ######.
 Summon Forest            Summ/Tloc      ##........   86%         5    ######.
 Summon Mana Viper        Hex/Summ       #.......     94%         5    ######.
 Shadow Creatures         Summ           N/A          100%        6    #######
 Summon Hydra             Summ           ##........   100%        7    #######


Dungeon Overview and Level Annotations

Branches:
Dungeon (10/15)            Temple (0/1) D:6            Lair (6/6) D:10
  Swamp (0/4) Lair:4       Spider (2/4) Lair:2        Slime (0/5) Lair:6
    Orc (2/2) D:9             Elf (0/3) Orc:2

Altars:
Ashenzari
Cheibriados
Dithmenos
Fedhas
Kikubaaqudgha
Sif Muna
Trog
Vehumet
Xom
Jiyva

Shops:
D:10 (   Orc:2 !:!}

Annotations:
Lair:1 1 runed door, mhoghedin's ghost, novice KoAr
Lair:3 3 runed doors, Plog's ghost, journeyman MiBe


Innate Abilities, Weirdness & Mutations

You are too large for most types of armour.
You have tough skin. (AC +1)


Message History

Aim: a redback (berserk, fast, unusually strong, umbra)
The ball explodes into a vile cloud!
The stinking cloud engulfs the redback.
The stinking cloud engulfs you!
The stinking cloud engulfs the redback. x2
The redback is lightly wounded.
You feel sick.
The redback is engulfed in noxious fumes. x2
The redback barely misses you.
The redback is engulfed in noxious fumes. x3
The redback appears confused.
Casting: Mephitic Cloud (safe; 19% risk of failure)
Confirm with . or Enter, or press ? or * to list all spells.
Aiming: Mephitic Cloud (safe; 19% risk of failure)
Press: ? - help, Shift-Dir - straight line, f/p - redback
Aim: a redback (noxious fumes, lightly wounded, berserk, fast, unusually The ball explodes into a vile cloud!
The stinking cloud engulfs the demonic crawler.
The demonic crawler appears unharmed.
The stinking cloud engulfs you!
The stinking cloud engulfs the redback.
The redback is lightly wounded.
The stinking cloud engulfs the redback.
The redback is lightly wounded.
Your shadow mimicks your spell!
The shadow shard hits the demonic crawler.
You feel sick.
The redback is engulfed in noxious fumes. x2
The redback appears confused.
The redback is engulfed in noxious fumes.
The redback appears confused.
The redback is engulfed in noxious fumes.
The demonic crawler hits you!
* * * LOW HITPOINT WARNING * * *
The demonic crawler barely misses you.
The demonic crawler hits you but does no damage.
Really quaff
t - a potion of curing {!q}?
You feel better.
The redback is engulfed in noxious fumes.
The redback appears confused.
The demonic crawler hits you!
* * * LOW HITPOINT WARNING * * *
The demonic crawler hits you!
* * * LOW HITPOINT WARNING * * *
The demonic crawler hits you but does no damage.
Really quaff
F - 6 potions of heal wounds {!q}?
You feel much better. The demonic crawler closely misses you.
The demonic crawler completely misses you.
The demonic crawler misses you.
Really read
k - 11 scrolls of teleportation {!r}?
As you read the scroll of teleportation {!r}, it crumbles to dust.
You feel strangely unstable. The demonic crawler hits you!
* * * LOW HITPOINT WARNING * * *
The demonic crawler hits you.
* * * LOW HITPOINT WARNING * * *
The demonic crawler hits you!
* * * LOW HITPOINT WARNING * * *
The demonic crawler barely misses you. The demonic crawler hits you.
* * * LOW HITPOINT WARNING * * *
The demonic crawler hits you.
* * * LOW HITPOINT WARNING * * *
Casting: Mephitic Cloud (safe; 19% risk of failure)
Confirm with . or Enter, or press ? or * to list all spells.
You miscast Blink.
You spin around.
The redback closely misses the demonic crawler.
The demonic crawler hits you but does no damage.
The demonic crawler hits you.
You die...

.##.........##.....###^.....##.##
............###...####......#.###
............# ###.###.........##
............######.............#
^..........###...#.##..........#
#.........###......##..........##
.........###...s...###.......#..#
#........##.........###......#...
..##.....##.....@....####.....##.
.####............s.>####.#######.
## ##..........s.........#### #.
# #^..##.........#........###.
#.)####...s..#.#.........### #.##
##....#.#..........# # #.#
##..##...........## # ##.###
#####...........#### ##.#..##
#...........###..


You could see a demonic crawler and 3 redbacks.

Vanquished Creatures
  Rupert (Lair:5)
  An entropy weaver (Spider:1)
  The ghost of Moraad the Pandemonic, a journeyman DDFi of Makhleb (Spider:1)
  7 hydras
  Harold (D:8)
  Erolcha (Orc:1)
  2 two-headed ogres
  3 catoblepae (Lair:6)
  10 death yaks
  An unseen horror (D:10)
  An orc knight (Orc:1)
  7 wolf spiders
  3 orb spiders (Spider:1)
  2 oklob plants (D:10)
  An orc sorcerer (Orc:2)
  2 manticores (Lair:6)
  6 elephants
  Maurice (D:8)
  6 black mambas
  15 spiny frogs
  2 rime drakes (Lair:6)
  4 demonic crawlers
  6 komodo dragons
  8 jumping spiders (Spider:1)
  3 trolls (Orc:1)
  2 tyrant leeches (Lair:4)
  11 blink frogs
  5 hippogriffs
  16 redbacks
  A wyvern (D:10)
  3 tarantellas
  31 yaks
  4 wraiths (D:7)
  4 hogs (D:7)
  A hungry ghost (D:8)
  2 basilisks
  Grum (D:8)
  A human (D:7)
  2 wargs
  9 water moccasins
  29 orc warriors
  4 porcupines
  A phantom (D:5)
  5 sky beasts
  2 black bears
  2 ice beasts
  18 centaurs
  9 ogres
  6 wolves
  2 big kobolds
  14 crocodiles
  12 bullfrogs
  A gnoll sergeant (D:8)
  7 scorpions
  4 killer bees (D:7)
  A quasit (D:10)
  6 hounds
  2 jellies
  13 orc priests
  A bullfrog skeleton (D:6)
  7 worker ants
  Ijyb (D:3)
  An iguana (D:2)
  19 orc wizards
  A killer bee zombie (D:10)
  2 hound zombies
  A hound skeleton (D:4)
  2 worker ant zombies
  8 adders
  3 gnolls (D:8)
  4 shadow imps
  An ooze (D:1)
  2 adder skeletons
  5 worms
  2 dart slugs (D:2)
  8 leopard geckos
  75 orcs
  6 giant cockroaches
  8 goblins
  12 hobgoblins
  3 jackals
  25 kobolds
  4 quokkas
  4 ball pythons
  A ball python skeleton (D:4)
  2 bats (D:2)
  7 frilled lizards
  A quokka skeleton (D:6)
  5 rats
  A fungus (Lair:3)
  2 plants (D:10)
550 creatures vanquished.

Vanquished Creatures (collateral kills)
  A jumping spider (Spider:1)
  2 redbacks (Spider:1)
  2 wraiths (D:7)
  An ogre (D:7)
  A bullfrog (D:10)
  A killer bee (D:7)
  2 crimson imps
  An orc priest (D:2)
  A hound (D:5)
  An orc wizard (D:10)
  2 worker ants
  4 adders
  5 orcs
  A jackal (D:1)
25 creatures vanquished.

Vanquished Creatures (others)
  A worker ant (D:4)
  A bush (Lair:2)
  11 fungi
  16 plants
29 creatures vanquished.

Grand Total: 604 creatures vanquished

Notes
Turn   | Place    | Note
-------+----------+-------------------------------------------
     0 | D:1      | Amnesiac the Ogre Wizard began the quest for the Orb.
     0 | D:1      | Reached XP level 1. HP: 16/16 MP: 5/5
    64 | D:1      | Reached skill level 1 in Fighting
   163 | D:1      | Reached XP level 2. HP: 27/28 MP: 0/6
   181 | D:1      | Learned a level 2 spell: Call Imp
   657 | D:2      | Reached XP level 3. HP: 34/35 MP: 0/8
   662 | D:2      | Learned a level 3 spell: Conjure Flame
   666 | D:2      | Learned a level 3 spell: Mephitic Cloud
   730 | D:2      | Reached skill level 1 in Maces & Flails
   937 | D:2      | Reached skill level 1 in Conjurations
  1511 | D:2      | Reached XP level 4. HP: 33/42 MP: 1/10
  1743 | D:4      | Reached skill level 1 in Air Magic
  1908 | D:4      | Reached XP level 5. HP: 44/50 MP: 7/11
  1919 | D:4      | Reached skill level 1 in Poison Magic
  2093 | D:5      | Entered Level 5 of the Dungeon
  2648 | D:5      | Noticed an ice beast
  3077 | D:4      | Reached XP level 6. HP: 54/59 MP: 2/12
  3081 | D:4      | Learned a level 2 spell: Blink
  3255 | D:5      | Noticed a phantom
  3303 | D:5      | Killed a phantom
  3303 | D:5      | Reached skill level 1 in Translocations
  3552 | D:4      | Reached skill level 1 in Summonings
  3742 | D:5      | Reached XP level 7. HP: 50/67 MP: 1/13
  3910 | D:4      | Found a radiant altar of Vehumet.
  4134 | D:5      | Found a shadowy altar of Dithmenos.
  4148 | D:5      | Became a worshipper of Dithmenos the Shadowed
  5445 | D:3      | Reached skill level 1 in Fire Magic
  5791 | D:3      | Noticed Ijyb
  5813 | D:3      | Killed Ijyb
  6024 | D:3      | Reached * piety under Dithmenos
  6472 | D:5      | Found a snail-covered altar of Cheibriados.
  6533 | D:5      | Reached XP level 8. HP: 59/79 MP: 7/14
  7160 | D:6      | Found a blossoming altar of Fedhas.
  7166 | D:6      | Reached skill level 5 in Maces & Flails
  7308 | D:5      | Reached skill level 5 in Fighting
  7308 | D:5      | Reached skill level 5 in Dodging
  7753 | D:6      | Found an ancient bone altar of Kikubaaqudgha.
  8278 | D:6      | Found a deep blue altar of Sif Muna.
  8782 | D:6      | Found a staircase to the Ecumenical Temple.
  8893 | D:7      | Found a shattered altar of Ashenzari.
  8989 | D:7      | Reached XP level 9. HP: 40/88 MP: 3/15
  9022 | D:7      | Reached ** piety under Dithmenos
  9329 | D:7      | HP: 3/89 [killer bee (5)]
 10778 | D:7      | Reached skill level 1 in Invocations
 11201 | D:7      | Reached skill level 1 in Evocations
 11207 | D:7      | Reached XP level 10. HP: 75/102 MP: 2/16
 11741 | D:7      | Found the +5 scythe "Finisher" {speed, Str+3}
 12134 | D:8      | Noticed Grum
 12304 | D:8      | Noticed Maurice
 12327 | D:8      | Killed Maurice
 12337 | D:8      | Reached *** piety under Dithmenos
 12736 | D:8      | Got a smoking robe
 12750 | D:8      | Identified the +1 robe "Gobremn" {Regen+ rCorr} (You found
                  | it on level 8 of the Dungeon)
 12874 | D:8      | Killed Grum
 12942 | D:8      | Noticed Harold
 12966 | D:8      | Killed Harold
 13268 | D:9      | Found a staircase to the Orcish Mines.
 13395 | D:9      | Reached XP level 11. HP: 68/113 MP: 11/17
 13954 | D:10     | Entered Level 10 of the Dungeon
 13984 | D:10     | Killed an unseen horror
 13984 | D:10     | Reached **** piety under Dithmenos
 14087 | D:10     | Noticed an oklob plant
 14089 | D:10     | Found a staircase to the Lair.
 14690 | D:10     | Found Loghait's Weapon Shop.
 14909 | D:10     | Noticed an oklob plant
 14945 | D:10     | Killed an oklob plant
 14972 | D:10     | Killed an oklob plant
 15030 | Orc:1    | Entered Level 1 of the Orcish Mines
 15139 | Orc:1    | Found a bloodstained altar of Trog.
 15227 | Orc:1    | Noticed a two-headed ogre
 15257 | Orc:1    | Killed a two-headed ogre
 15471 | Orc:2    | Entered Level 2 of the Orcish Mines
 15473 | Orc:2    | Noticed an orc sorcerer
 15565 | Orc:2    | Killed an orc sorcerer
 15853 | Orc:2    | Found a staircase to the Elven Halls.
 15969 | Orc:2    | Noticed an orc knight
 16437 | Orc:1    | Reached skill level 10 in Maces & Flails
 16540 | Orc:1    | Killed an orc knight
 16540 | Orc:1    | Reached skill level 10 in Fighting
 16540 | Orc:1    | Reached skill level 10 in Dodging
 17015 | Orc:1    | Noticed Erolcha
 17040 | Orc:1    | Killed Erolcha
 17040 | Orc:1    | Reached XP level 12. HP: 71/126 MP: 13/18
 17053 | Orc:1    | Reached ***** piety under Dithmenos
 17969 | Orc:2    | Noticed a two-headed ogre
 17986 | Orc:2    | Killed a two-headed ogre
 18315 | Orc:2    | Found Vimibut's Distillery.
 18315 | Orc:2    | Found Aryeve's Book Boutique.
 18317 | Orc:2    | Found Lakeemamue's Distillery.
 18319 | Orc:2    | Found Affalik's Gadget Shoppe.
 18323 | Orc:2    | Bought a potion of berserk rage for 60 gold pieces
 18323 | Orc:2    | Bought a potion of mutation for 96 gold pieces
 18326 | Orc:2    | Bought a potion of ambrosia for 96 gold pieces
 18516 | Lair:1   | Entered Level 1 of the Lair of Beasts
 18777 | Lair:1   | Found a shimmering altar of Xom.
 18777 | Lair:1   | Noticed mhoghedin's ghost (novice KoAr)
 18778 | Lair:1   | Found a runed door.
 19522 | Lair:2   | Noticed a four-headed hydra
 19528 | Lair:2   | Killed a four-headed hydra
 19936 | Lair:2   | Found a hole to the Spider Nest.
 20135 | Lair:2   | Noticed a five-headed hydra
 20876 | Lair:3   | Noticed an eight-headed hydra
 20889 | Lair:3   | Killed an eight-headed hydra
 20889 | Lair:3   | Reached XP level 13. HP: 67/139 MP: 15/19
 20981 | Lair:3   | Found a runed gate.
 20982 | Lair:3   | Found a runed gate.
 20983 | Lair:3   | Found a runed gate.
 20987 | Lair:3   | Noticed Plog's ghost (journeyman MiBe)
 22625 | Lair:4   | Found a staircase to the Swamp.
 24239 | Lair:6   | Entered Level 6 of the Lair of Beasts
 24589 | Lair:6   | Noticed Rupert
 24681 | Lair:5   | Killed Rupert
 24681 | Lair:5   | Reached XP level 14. HP: 49/153 MP: 13/20
 25423 | Lair:6   | Found a viscous altar of Jiyva.
 25423 | Lair:6   | Found a staircase to the Slime Pits.
 26252 | Lair:6   | Found the +3 Elemental Staff {rElec rF++ rC++ MR++ AC+5}
 26469 | Spider:1 | Entered Level 1 of the Spider Nest
 27607 | Spider:1 | Noticed an entropy weaver
 27624 | Spider:1 | Killed an entropy weaver
 27709 | Spider:1 | Reached skill level 1 in Staves
 27959 | Spider:1 | Reached skill level 1 in Shields
 28171 | Spider:1 | Got an ivory rapier
 28202 | Spider:1 | Found a large runed door.
 28207 | Spider:1 | Found a large runed door.
 28208 | Spider:1 | Noticed Moraad's ghost (journeyman DDFi)
 28544 | Spider:1 | Identified the cursed +0 rapier of Integrity {chaos, MR+
                  | Str+4 Stlth+} (You found it on level 1 of the Spider Nest)
 28799 | Spider:1 | Reached XP level 15. HP: 112/163 MP: 15/21
 29605 | Spider:1 | Killed Moraad's ghost
 29618 | Spider:1 | Learned a level 1 spell: Summon Butterflies
 30123 | Spider:1 | HP: 8/163 [demonic crawler (10)]
 30125 | Spider:1 | HP: 3/163 [demonic crawler (2)]
 30126 | Spider:1 | Slain by a demonic crawler

Vault maps used:
D:1:      ncdulo_wetmaze, hex_large, st_stairs_4, minmay_crystal_water
D:3:      first_ration, uniq_ijyb
D:4:      fiery_altar_vehumet
D:5:      kennysheep_mini, nicolae_dithmenos_through_a_glass_darkly
D:6:      kennysheep_little_box, nicolae_overflow_crystal_walls, led_sif_pool,
          temple_hall_moat, kennysheep_generic_room_14
D:7:      ashenzari_altar_1, palyth_stone_intersect, grunt_livestock,
          minmay_guarded_unrand_finisher
D:8:      uniq_maurice, uniq_harold, uniq_grum
D:9:      david_orc_3
D:10:     dpeg_oklobed_lair, serial_shops, shop
Lair:1:   ebering_ghost_xom, st_stairs_13
Lair:2:   nicolae_spider_entry_non_spiders, lemuel_fruit_fields,
          grunt_megastairs_1
Lair:3:   ebering_ghost_rock_garden, infiniplex_staircase_pool
Lair:4:   cheibrodos_lair_river_kwai, minmay_swamp_entry_worms
Lair:6:   evilmike_catoblepas_cave, slime_altar_1, uniq_rupert
Spider:1: ebering_ghost_disaster_area
Orc:1:    basic_altar, uniq_erolcha
Orc:2:    st_orc_rangers

Skill      XL: |  1  2  3  4  5  6  7  8  9 10 11 12 13 14 15 |
---------------+----------------------------------------------+-----
Fighting       | 1 2 3 4 5 7 8 10 11 13 14 | 14.0
Dodging        | 2 3 4 5 6 8 10 11 13 14 | 14.0
Maces & Flails | 2 3 4 5 7 8 10 11 13 14 | 14.0
Spellcasting   | 4 |  4.0
Conjurations   | 1 2 |  2.0
Air Magic      | 1 2 |  2.0
Poison Magic   | 1 2 |  2.0
Translocations | 1 2 |  2.0
Summonings     | 1 2 |  2.0
Fire Magic     | 1 2 |  2.0
Stealth        | 2 |  2.0
Invocations    | 1 2 |  2.0
Evocations     | 1 2 3 |  3.5
Staves         | 2 3 |  3.8
Shields        | 1 2 |  2.3

Action                   |  1- 3 |  4- 6 |  7- 9 | 10-12 | 13-15 || total
-------------------------+-------+-------+-------+-------+-------++-------
Melee: Unarmed           |    11 |       |       |       |       ||    11
       Whip              |    37 |       |       |       |       ||    37
       Flail             |    18 |    81 |    43 |       |       ||   142
       Quarterstaff      |       |       |   256 |    34 |       ||   290
       Scythe            |       |       |       |   543 |       ||   543
       Giant club        |       |       |       |   287 |   510 ||   797
       Staff             |       |       |       |       |    16 ||    16
 Cast: Magic Dart        |    97 |   107 |   152 |    28 |    16 ||   400
       Call Imp          |     4 |    18 |    37 |    23 |       ||    82
       Mephitic Cloud    |       |     3 |    33 |    52 |    39 ||   127
       Conjure Flame     |       |     1 |    23 |    36 |    76 ||   136
       Blink             |       |     1 |     6 |    11 |    10 ||    28
Evoke: Wand              |       |       |       |       |     1 ||     1
  Use: Scroll            |     4 |     1 |    14 |     5 |    11 ||    35
       Potion            |       |       |     6 |       |     5 ||    11
 Stab: Distracted        |     1 |       |     4 |     2 |       ||     7
       Sleeping          |     1 |       |     1 |     4 |     4 ||    10
       Confused          |       |     1 |    10 |    15 |    13 ||    39
       Invisible         |       |       |     1 |       |       ||     1
  Eat: Chunk             |     2 |     8 |    22 |    41 |    29 ||   102
       Ration            |       |       |     2 |     2 |     3 ||     7
Armor: Robe              |    23 |    33 |    32 |    73 |    36 ||   197
       Skin              |       |       |    29 |       |     4 ||    33
       Troll leather arm |       |       |       |    91 |    44 ||   135
Dodge: Dodged            |    55 |    97 |   210 |   849 |   548 ||  1759
Block: Shield            |       |       |       |       |     6 ||     6

Table legend:
 A = Non-vault XP
 B = Vault XP
 C = Vault XP percentage of total XP
 D = Non-vault monster count
 E = Vault monster count
 F = Vault count percentage of total count
                 A         B        C        D         E       F
            +---------+---------+-------+---------+---------+-------
      Total |   60003 |   30975 |  34.0 |     458 |     114 |  19.9
            +---------+---------+-------+---------+---------+-------
        D:1 |      34 |       2 |   5.6 |      15 |       2 |  11.8
        D:2 |     146 |       0 |   0.0 |      32 |       0 |   0.0
        D:3 |     153 |      36 |  19.0 |      34 |       1 |   2.9
        D:4 |     220 |       0 |   0.0 |      17 |       0 |   0.0
        D:5 |    1052 |       0 |   0.0 |      26 |       0 |   0.0
        D:6 |     524 |      36 |   6.4 |      15 |       1 |   6.2
        D:7 |    1195 |    2019 |  62.8 |      29 |      12 |  29.3
        D:8 |    1385 |    1671 |  54.7 |      19 |       4 |  17.4
        D:9 |     847 |     380 |  31.0 |      29 |       8 |  21.6
       D:10 |    1649 |    1133 |  40.7 |      24 |       2 |   7.7
     Lair:1 |    3151 |     103 |   3.2 |      15 |       1 |   6.2
     Lair:2 |    7313 |     808 |   9.9 |      18 |      10 |  35.7
     Lair:3 |    5386 |       0 |   0.0 |      18 |       0 |   0.0
     Lair:4 |    4189 |    3342 |  44.4 |      15 |       9 |  37.5
     Lair:5 |    5094 |    2989 |  37.0 |      24 |       1 |   4.0
     Lair:6 |    8174 |   12050 |  59.6 |      25 |      23 |  47.9
   Spider:1 |   13272 |    1317 |   9.0 |      41 |       1 |   2.4
   Spider:2 |     744 |       0 |   0.0 |       3 |       0 |   0.0
      Orc:1 |    3135 |    2761 |  46.8 |      35 |      13 |  27.1
      Orc:2 |    2340 |    2328 |  49.9 |      24 |      26 |  52.0
            +---------+---------+-------+---------+---------+-------
